 Dungeon Crawl Stone Soup version 0.29.0 (webtiles) character file.

Game seed: 2656179760306237567

27236 catcat the Brawler (level 13, -1/124 HPs)
             Began as a Troll Monk on Sept 3, 2022.
             Was a High Priest of Makhleb.
             Slain by a freezing wraith (5 damage)
             ... in an ice cave.
             The game lasted 00:33:25 (13645 turns).

catcat the Brawler (Troll Monk)                    Turns: 13645, Time: 00:33:25

Health: -1/124     AC:  7    Str: 26    XL:     13   Next: 3%
Magic:  15/15      EV: 10    Int:  6    God:    Makhleb [*****.]
Gold:   787        SH: 15    Dex: 12    Spells: 12/12 levels left

rFire   x . .      SeeInvis .     - Unarmed
rCold   + . .      Faith    .   H - +0 kite shield
rNeg    . . .      Spirit   .   E - +0 steam dragon scales
rPois   .          Reflect  +   (helmet restricted)
rElec   .          Harm     .   (no cloak)
rCorr   .          Rampage  +   (gloves unavailable)
Will    +....                   (boots unavailable)
Stlth   ++........              M - amulet "Liafeps" {Reflect Rampage Will+ SH+5}
HPRegen 1.10/turn               w - ring of ice
MPRegen 0.14/turn               r - +4 ring of slaying

@: hasted and slowed
A: large, unfitting armour, claws 3, regeneration 1, shaggy fur 1, tough skin 1
a: Renounce Religion, Minor Destruction, Lesser Servant of Makhleb, Major
Destruction, Greater Servant of Makhleb


You were in an ice cave.
You worshipped Makhleb.
Makhleb was extremely pleased with you.
You visited 4 branches of the dungeon, and saw 17 of its levels.
You also visited: Sewer and Ice Cave.

You collected 1255 gold pieces.
You spent 468 gold pieces at shops.

Inventory:

Hand Weapons
 x - a +0 flail
 A - a +1 short sword of speed
 B - a +0 vampiric whip
Missiles
 j - 32 poisoned darts
 z - 3 curare-tipped darts
 C - 6 boomerangs
 N - 10 large rocks (quivered)
Armour
 a - a +0 robe
 E - +0 steam dragon scales (worn)
 H - a +0 kite shield (worn)
 K - a +0 troll leather armour
Jewellery
 f - a +6 ring of dexterity
 r - a +4 ring of slaying (right claw)
 w - a ring of ice (left claw)
 F - a +6 ring of dexterity
 J - a ring of ice
 M - the amulet "Liafeps" (around neck) {Reflect Rampage Will+ SH+5}
   (You bought it in a shop on level 6 of the Dungeon)

   [amulet of reflection]

   It reflects blocked missile attacks.
   SH:        It affects your SH (+5).
   Rampage:   It bestows one free step when moving towards enemies.
   Will:      It increases your willpower.
 Q - a +4 ring of evasion
 T - an amulet of reflection
Wands
 p - a wand of polymorph (4)
 s - a wand of charming (19)
 u - a wand of mindburst (14)
 v - a wand of iceblast (13)
 O - a wand of flame (9)
Scrolls
 d - 6 scrolls of teleportation
 e - 2 scrolls of brand weapon
 g - 8 scrolls of fear
 i - a scroll of poison
 k - a scroll of immolation
 n - 2 scrolls of butterflies
 y - 3 scrolls of vulnerability
 D - 3 scrolls of identify
 G - a scroll of magic mapping
 I - a scroll of noise
 L - 2 scrolls of amnesia
 R - a scroll of enchant weapon
Potions
 b - 6 potions of ambrosia
 c - 3 potions of mutation
 h - 3 potions of resistance
 l - 9 potions of curing
 m - 4 potions of haste
 o - a potion of flight
 q - 2 potions of brilliance
 t - 3 potions of magic
 P - 2 potions of heal wounds
 S - 2 potions of lignification


   Skills:
 - Level 7.0 Fighting
 * Level 5.6 Throwing
 - Level 4.5 Dodging
 - Level 1.0 Stealth
 - Level 8.9 Shields
 + Level 16.3 Unarmed Combat
 - Level 4.0 Invocations


You had 12 spell levels left.
You didn't know any spells.
Your spell library contained the following spells:

 Spells                   Type           Power      Damage    Failure   Level
 Apportation              Tloc           0%         N/A       67%         1
 Freeze                   Ice            0%         1d3       67%         1
 Necrotise                Necr           0%         1d4       67%         1
 Summon Small Mammal      Summ           0%         N/A       67%         1
 Frozen Ramparts          Ice            0%         1d1       96%         3
 Hailstorm                Conj/Ice       0%         3d3       100%        4
 Passage of Golubria      Tloc           0%         N/A       100%        4
 Silence                  Hex/Air        0%         N/A       100%        5
 Lehudib's Crystal Spear  Conj/Erth      0%         10d2      100%        8


Dungeon Overview and Level Annotations

Branches:
Dungeon (11/15)            Temple (1/1) D:7            Lair (3/5) D:11
  Swamp (0/4) Lair:2       Spider (0/4) Lair:2          Orc (2/2) D:11
  Sewer (visited)           IceCv (1/1)
    Elf: Orc:2

Altars:
Ashenzari
Cheibriados
Dithmenos
Elyvilon
Fedhas
Gozag
Hepliaklqana
Kikubaaqudgha
Makhleb
Nemelex Xobeh
Okawaru
Qazlal
Ru
Sif Muna
Trog
Uskayaw
Vehumet
Wu Jian
Xom
Yredelemnul
Zin
The Shining One
Jiyva

Shops:
D:2 *   D:3 (*   D:6 =   D:7 *   D:8 !

Annotations:
D:8 Gastronok IceCv 1 transporter, exclusion: 2 ice statues


Innate Abilities, Weirdness & Mutations

You are too large for most types of armour.
You have claws for hands.
Your natural rate of healing is unusually fast.
You are covered in fur. (AC +1)
You have tough skin. (AC +1)


Message History

The freezing wraith is moderately damaged.
The ice statue gestures at you. The freezing blast engulfs you. You resist.
The ice statue gestures.
The freezing wraith hits you. The freezing wraith freezes you! You resist.
You block the freezing wraith's attack. The ice statue gestures at you.
The shard of ice hits you!! You partially resist.
The ice statue gestures.
You block the freezing wraith's attack. The freezing wraith closely misses you.
Press: ? - help, v - describe, . - travel An ice covered gate leading back out of this place.
Unknown command.
You are engulfed in freezing vapours.
You resist.
The ice statue gestures.
The ice statue gestures at you. The bolt of cold misses you.
The ice statue gestures at you. The shard of ice misses you.
The ice statue gestures at you. The shard of ice hits you!!
You partially resist. You block the ice beast's attack. The ice beast hits you.
The ice beast freezes you. You resist.
The ice beast hits you but does no damage.
You block the ice beast's attack. The ice statue gestures at you.
The freezing blast misses you.
The ice statue gestures.
The freezing wraith hits you. The freezing wraith freezes you! You resist.
The freezing wraith hits you!
* * * LOW HITPOINT WARNING * * *
The ice beast attacks as you move away!
The ice beast hits you but does no damage.
You are engulfed in freezing vapours.
You resist.
* * * LOW HITPOINT WARNING * * *
Unknown command.
You feel yourself speed up.
You are engulfed in freezing vapours.
You resist.
* * * LOW HITPOINT WARNING * * *
The ice statue gestures.
You block the freezing wraith's attack. The freezing wraith hits you.
You die...

###############
#©..8.)☼:Y8..∩#
#.....YY○W@...#
#8.Y..°°○Y○8##
#8..°°○.☼8##
##8.°©.°8##
###########
##...8©8...##
#...).©.)...#
##.....[.....##
#......[......#


You could see 2 ice statues, a freezing wraith and 5 ice beasts.

Vanquished Creatures
  2 hydras
  2 catoblepae (Lair:2)
  A two-headed ogre (D:11)
  4 death yaks (Lair:1)
  Nergalle (Orc:1)
  A deep troll (D:10)
  2 orc sorcerers (Orc:1)
  3 ugly things
  3 cyclopes (D:11)
  5 elephants (Lair:1)
  Joseph (D:9)
  3 black mambas
  A kobold demonologist (D:10)
  A gargoyle (D:10)
  The ghost of geeeeen the Magician, a novice DjEE (D:5)
  2 cane toads (Lair:1)
  7 komodo dragons
  Grinder (D:3)
  A polar bear (Lair:3)
  Sigmund (D:2)
  A shadow (D:11)
  20 yaks
  3 wyverns
  A wraith (D:10)
  A vampire (D:10)
  A basilisk (Lair:1)
  A steam dragon (D:8)
  A redback (Lair:2)
  A death yak simulacrum (Lair:3)
  A warg (Orc:1)
  10 water moccasins
  4 orc warriors
  2 ice beasts
  A sky beast (D:7)
  A black bear (D:6)
  4 centaurs
  3 ogres
  6 wolves (Lair:2)
  2 phantoms
  6 kobold brigands
  10 bullfrogs
  2 gnoll sergeants
  A necrophage (D:5)
  A scorpion (D:4)
  7 wights
  2 cane toad simulacra (IceCv)
  5 killer bees
  7 electric eels
  6 howler monkeys
  6 jellies
  5 orc priests
  7 hounds
  2 gnoll boudas
  Terence (D:2)
  2 iguanas (D:6)
  7 orc wizards
  3 polar bear simulacra
  A wolf simulacrum (IceCv)
  18 gnolls
  12 adders
  A white imp (D:5)
  2 ufetubi (D:6)
  4 worms
  3 dart slugs
  26 orcs
  19 ball pythons
  11 endoplasms
  3 giant cockroaches
  8 goblins
  8 hobgoblins
  5 jackals
  4 quokkas
  A bat (D:2)
  A frilled lizard (D:2)
  28 kobolds
  5 rats
347 creatures vanquished.

Vanquished Creatures (others)
  11 fungi
  23 plants
34 creatures vanquished.

Grand Total: 381 creatures vanquished

Notes
Turn   | Place    | Note
-------+----------+-------------------------------------------
     0 | D:1      | catcat the Troll Monk began the quest for the Orb.
     0 | D:1      | Reached XP level 1. HP: 22/22 MP: 0/0
    76 | D:1      | Found a faded altar of an unknown god.
   113 | D:1      | Reached XP level 2. HP: 29/29 MP: 1/1
   341 | D:1      | Reached skill level 4 in Unarmed Combat
   341 | D:1      | Reached XP level 3. HP: 23/36 MP: 2/2
   975 | D:2      | Found Xuxukk's Assorted Antiques.
  1051 | D:2      | Reached XP level 4. HP: 44/44 MP: 3/3
  1105 | D:2      | Reached skill level 5 in Unarmed Combat
  1221 | D:2      | Noticed Sigmund
  1233 | D:2      | Killed Sigmund
  1234 | D:2      | Reached skill level 6 in Unarmed Combat
  1234 | D:2      | Reached XP level 5. HP: 46/53 MP: 4/4
  1995 | D:3      | Noticed Terence
  1998 | D:3      | Found Fadiz's Assorted Antiques.
  2029 | D:2      | Killed Terence
  2030 | D:2      | Reached XP level 6. HP: 58/61 MP: 5/5
  2066 | D:3      | Noticed Grinder
  2070 | D:3      | Paralysed by Grinder for 4 turns
  2079 | D:3      | Killed Grinder
  2080 | D:3      | Reached skill level 7 in Unarmed Combat
  2080 | D:3      | Reached XP level 7. HP: 57/68 MP: 6/6
  2401 | D:3      | You fall into a shaft and drop 2 floors!
  2401 | D:5      | Entered Level 5 of the Dungeon
  2411 | D:5      | Found a glowing drain.
  2424 | Sewer    | Entered a sewer
  2970 | D:3      | Found Metiros's Weapon Shoppe.
  2976 | D:3      | Reached skill level 8 in Unarmed Combat
  3711 | D:4      | Reached XP level 8. HP: 78/78 MP: 7/7
  4471 | D:5      | Reached skill level 9 in Unarmed Combat
  4715 | D:5      | Found a large runed translucent door.
  4715 | D:5      | Found a large runed translucent door.
  4720 | D:5      | Noticed geeeeen's ghost (novice DjEE)
  4876 | D:5      | Killed geeeeen's ghost
  4954 | D:6      | Found Vuasi's Jewellery Emporium.
  5068 | D:6      | Reached skill level 10 in Unarmed Combat
  5082 | D:6      | Reached skill level 1 in Throwing
  5354 | D:6      | Reached XP level 9. HP: 79/85 MP: 8/8
  5719 | D:7      | Reached skill level 5 in Fighting
  5722 | D:7      | HP: 3/82 [wight/+0 mace (9)]
  5722 | D:7      | HP: 1/80 [wight/+0 mace (2)]
  5884 | D:7      | Found Biemoam's Profane Products.
  6003 | D:7      | Reached skill level 11 in Unarmed Combat
  6129 | D:7      | Found a staircase to the Ecumenical Temple.
  6181 | Temple   | Entered the Ecumenical Temple
  6433 | Temple   | Became a worshipper of Makhleb the Destroyer
  6433 | Temple   | Reached * piety under Makhleb
  6433 | Temple   | Reached ** piety under Makhleb
  6521 | D:7      | Found a blossoming altar of Fedhas.
  7116 | D:8      | Noticed Gastronok
  7123 | D:8      | Reached skill level 12 in Unarmed Combat
  7391 | D:8      | Reached XP level 10. HP: 98/98 MP: 9/9
  7490 | D:8      | Found Geed's Distillery.
  7618 | D:9      | Noticed Joseph
  7634 | D:9      | Killed Joseph
  8022 | D:9      | Found a viscous altar of Jiyva.
  8350 | D:10     | Entered Level 10 of the Dungeon
  8390 | D:10     | Noticed a gargoyle
  8408 | D:10     | Killed a gargoyle
  8409 | D:10     | Reached *** piety under Makhleb
  8508 | D:10     | Reached skill level 13 in Unarmed Combat
  8634 | D:10     | Reached skill level 1 in Shields
  8672 | D:10     | HP: 4/100 [something (2)]
  9181 | D:10     | Noticed a deep troll
  9186 | D:10     | Killed a deep troll
  9644 | D:6      | Bought the amulet "Liafeps" {Reflect Rampage Will+ SH+5}
                  | for 468 gold pieces
  9827 | D:11     | Found a staircase to the Orcish Mines.
  9836 | Orc:1    | Entered Level 1 of the Orcish Mines
  9836 | Orc:1    | Noticed Nergalle
  9849 | D:11     | Noticed a cyclops
  9855 | D:11     | Noticed a white ugly thing
  9856 | D:11     | Noticed a cyclops
  9857 | D:11     | Noticed a cyclops
  9894 | D:10     | Killed a white ugly thing
  9943 | D:11     | Reached skill level 1 in Invocations
  9948 | D:11     | Killed a cyclops
  9949 | D:11     | Reached XP level 11. HP: 109/109 MP: 10/10
 10328 | D:11     | Found a staircase to the Lair.
 10415 | D:11     | Noticed a purple ugly thing
 10423 | D:11     | Killed a purple ugly thing
 10436 | D:11     | Reached skill level 14 in Unarmed Combat
 10513 | D:11     | Noticed a two-headed ogre
 10519 | D:11     | Killed a two-headed ogre
 10520 | D:11     | Reached skill level 5 in Shields
 10705 | Orc:1    | Killed Nergalle
 10716 | Orc:1    | Reached **** piety under Makhleb
 10718 | Orc:1    | Noticed an orc sorcerer
 10737 | Orc:1    | Killed an orc sorcerer
 10738 | Orc:1    | Noticed an orc sorcerer
 10741 | Orc:1    | Killed an orc sorcerer
 10949 | Orc:2    | Entered Level 2 of the Orcish Mines
 11070 | Orc:2    | Noticed an orc high priest
 11143 | Lair:1   | Entered Level 1 of the Lair of Beasts
 11306 | Lair:1   | Noticed a death yak
 11319 | Lair:1   | Killed a death yak
 11323 | Lair:1   | Noticed a death yak
 11323 | Lair:1   | Noticed a death yak
 11323 | Lair:1   | Noticed a death yak
 11356 | Lair:1   | Killed a death yak
 11364 | Lair:1   | Killed a death yak
 11365 | Lair:1   | Reached skill level 5 in Throwing
 11365 | Lair:1   | Reached XP level 12. HP: 118/118 MP: 12/12
 11369 | Lair:1   | Killed a death yak
 11370 | Lair:1   | Reached skill level 15 in Unarmed Combat
 11575 | Lair:1   | Noticed a six-headed hydra
 11586 | Lair:1   | Killed a six-headed hydra
 11859 | Lair:1   | Reached ***** piety under Makhleb
 12173 | Lair:2   | Found a staircase to the Swamp.
 12216 | Lair:2   | Noticed a six-headed hydra
 12225 | Lair:2   | Found a hole to the Spider Nest.
 12520 | Lair:2   | Noticed a catoblepas
 12531 | Lair:2   | Killed a catoblepas
 12594 | Lair:2   | Identified the +6 quarterstaff of Sulphur {drain, rC+ Str+3
                  | Int+4}
 12601 | Lair:2   | Killed a six-headed hydra
 12667 | Lair:2   | Noticed a catoblepas
 12675 | Lair:2   | Reached skill level 16 in Unarmed Combat
 12711 | Lair:2   | Killed a catoblepas
 13539 | Lair:3   | Found a frozen archway.
 13551 | Lair:3   | Reached XP level 13. HP: 64/124 MP: 15/15
 13608 | IceCv    | Entered an ice cave
 13626 | IceCv    | Found a transporter.
 13638 | IceCv    | Found a transporter.
 13645 | IceCv    | HP: 3/124 [ice statue] (13)]
 13645 | IceCv    | Slain by a freezing wraith

Illustrated notes

Levels and vault maps discovered:
D:1:      co_arrival_random_square_maze, layout_basic,
          nicolae_ecumenical_snake_handling
D:2:      layout_basic, serial_shops, nicolae_lakefront_shop,
          serial_bayou_lagoon_a, uniq_sigmund
D:3:      layout_basic, serial_shops, nicolae_shop_advertising_works
          [nicolae_subvault_shop_adworks], nicolae_shop_bloodbath_and_beyond,
          uniq_terence, uniq_grinder
D:4:      layout_loops_cross, dreamdust_mushroom_princess, saegor_snake_ambush
D:5:      layout_rooms, portal_sewer_entry_b, serial_glass, glass_columns_b,
          glass_columns_b, glass_columns_a, glass_columns_a, glass_columns_c,
          glass_columns_a, ebering_ghost_disaster_area
D:6:      layout_basic, serial_shops, nicolae_take_the_stairs
D:7:      layout_cave_pools, general_overflow_altar,
          minmay_temple_entry_butterflies, nicolae_evil_shop
D:8:      layout_gridville, serial_shops, shop_statue, uniq_gastronok
D:9:      layout_basic, jiyva_altar_1, uniq_joseph
D:10:     dreamdust_cave_troll, layout_basic, kennysheep_generic_room_8
D:11:     layout_irregular_city, lair_entry_dummy, orc_0_dummy,
          minmay_fractal_squares_diagonal_5
Temple:   mainiacjoe_temple_starburst
Lair:1:   layout_hall_layers, gauntlet_entry_generic, serial_bayou_shore_b,
          grunt_megastairs_3
Lair:2:   layout_loops_ring, minmay_swamp_entry_eels, spider_nest_entry_rubble,
          st_stairs_8, lemuel_fruit_fields, serial_bayou_shore_a
Lair:3:   gammafunk_cloud_chamber, layout_small_grid,
          portal_ice_cave_entry_ice_simulacra, beast_lair_carwin_5,
          grunt_megastairs_5, lemuel_fruit_tree
Orc:1:    layout_caves, uniq_snorg, uniq_nergalle
Orc:2:    grunt_orc_gardens, layout_caves, grunt_orc_garden, grunt_orc_garden,
          grunt_orc_garden, grunt_orc_garden, hellmonk_ghost_happy_afterlife
IceCv:    ice_cave_statue_garden_transporter

Skill      XL: |  1  2  3  4  5  6  7  8  9 10 11 12 |
---------------+-------------------------------------+-----
Unarmed Combat | 4 6 7 8 10 12 13 14 16 | 16.3
Fighting       | 3 4 6 7 |  7.0
Dodging        | 3 4 |  4.5
Throwing       | 1 2 5 |  5.6
Shields        | 4 6 8 |  8.9
Invocations    | 1 2 4 |  4.0
Stealth        | |  1.0

Action                   |  1- 3 |  4- 6 |  7- 9 | 10-12 | 13-15 || total
-------------------------+-------+-------+-------+-------+-------++-------
Melee: Unarmed           |    82 |    60 |   329 |   472 |    12 ||   955
       Punch             |       |     2 |    21 |     5 |       ||    28
       Whip              |       |       |       |     3 |       ||     3
Throw: Dart              |       |       |     1 |     1 |       ||     2
       Boomerang         |       |       |       |     2 |       ||     2
       Large rock        |       |       |       |     9 |       ||     9
  Use: Scroll            |     1 |     3 |     7 |    14 |       ||    25
       Potion            |       |       |       |     1 |     1 ||     2
 Stab: Sleeping          |     3 |     2 |     4 |     4 |       ||    13
       Petrified         |       |       |       |     7 |       ||     7
Armor: Robe              |    15 |     8 |    72 |       |       ||    95
       Steam dragon scal |       |       |       |    86 |     4 ||    90
Dodge: Dodged            |    39 |    26 |   158 |   164 |     4 ||   391
Block: Kite shield       |       |       |       |   212 |    15 ||   227
       Reflection        |       |       |       |     4 |       ||     4
